 Dungeon Crawl Stone Soup version 0.29-a0-266-gf56f883ddd (webtiles) character file.

Game seed: 16590175904140748670

24 spaghetti the Skirmisher (level 2, 0/25 HPs)
             Began as a Demonspawn Chaos Knight on Mar 6, 2022.
             Was a Plaything of Xom.
             Succumbed to an adder's poison
             ... on level 2 of the Dungeon.
             The game lasted 00:01:31 (1297 turns).

spaghetti the Skirmisher (Demonspawn Chaos Knight)  Turns: 1297, Time: 00:01:32

Health: 0/25       AC:  5    Str: 12    XL:     2   Next: 79%
Magic:  2/2        EV: 11    Int: 13    God:    Xom [....*.]
Gold:   58         SH:  4    Dex: 12    Spells: 1/1 levels left

rFire   . . .      SeeInvis .   c - +1 mace {mace}
rCold   . . .      Faith    .   (no shield)
rNeg    . . .      Spirit   .   a - +2 leather armour
rPois   .          Reflect  .   (no helmet)
rElec   .          Harm     .   (no cloak)
rCorr   .          Rampage  .   (no gloves)
Will    .....                   (no boots)
Stlth   +.........              (no amulet)
HPRegen 0.08/turn               (no ring)
MPRegen 0.08/turn               (no ring)

@: brilliant, lethally poisoned (0 -> -8), about to teleport
A: condensation shield
a: Renounce Religion


You were on level 2 of the Dungeon.
You worshipped Xom.
You were a beloved toy of Xom.
You visited 1 branch of the dungeon, and saw 2 of its levels.

You collected 58 gold pieces.


Innate Abilities, Weirdness & Mutations

A meltable shield of frost defends you. (SH +4)


   Skills:
 + Level 4.1 Fighting
 - Level 1.7 Armour
 - Level 0.8 Dodging
 - Level 2.6 Unarmed Combat


You had one spell level left.
You didn't know any spells.
Your spell library contained the following spells:

 Spells                   Type           Power      Damage    Failure   Level
 Airstrike                Air            0%         N/A       98%         4
 Summon Lightning Spire   Summ/Air       0%         N/A       98%         4
 Lightning Bolt           Conj/Air       0%         1d11      100%        5

Inventory:

Hand Weapons
 c - a +1 mace (weapon) {mace}
   (You found it on level 1 of the Dungeon)
Missiles
 e - 16 stones {throwing}
Armour
 a - a +2 leather armour (worn)
Scrolls
 d - a scroll of identify {unknown}
Miscellaneous
 b - a piece from Xom's chessboard (15/15) (quivered)

Dungeon Overview and Level Annotations

Branches:
Dungeon (2/15)

Altars:

.#.#######.#.#
..#.##.....#.# .#
.###......<..######.###
..#.##.#..............###
.#.###.#.##..####........
.### #.#.##..# #......#
.#####.#.##..# #....>.#
.............####.w....##
.........##.....@.Sw.....
#####..####.......S.##.#.
#.## #########.# #.# .#
#.# . #<# ## #.# #.# #.#


You could see a worm, an adder, a dart slug and a ball python.


Message History

No target in view!
No target in view!
No target in view!
Key pressed, stopping explore.
You open the door.
There is an open door here.
There is an open door here.
There is an open door here.
There is a staircase leading out of the dungeon here.
There is an open door here.
You see here a +0 ring mail.
You pick up a book of Storms and begin reading...
You add the spells Airstrike, Summon Lightning Spire and Lightning Bolt to your library.
Done exploring.
Done exploring.
(D) Dungeon
Where to? (? - help)
You see here a +0 ring mail.
There is a stone staircase leading down here.
You climb downwards.
There is a stone staircase leading up here.
Unknown command.
Unknown command.
No target in view!
Key pressed, stopping explore.
Found an escape hatch in the ceiling.
Found a stone staircase leading down.
No target in view!
No target in view!
A dart slug and an adder come into view.
The adder hisses angrily.
There are monsters nearby!
There are monsters nearby!
A ball python comes into view.
The ball python hisses angrily.
You sock the adder! The adder bites you. The dart slug launches a dart at you.
The slug dart misses you. The adder closely misses you.
A worm comes into view.
You hit the adder. The adder closely misses you.
The ball python barely misses you. The ball python closely misses you.
The adder closely misses you. You block the ball python's attack.
The ball python barely misses you.
You barely miss the adder. The adder bites you.
You are poisoned.
The adder poisons you! The ball python bites you.
The ball python completely misses you. You block the dart slug's attack.
The adder misses you. 😮 HP[-9]
You take 9 damage, and now have 16/25 hp.
MASSIVE DAMAGE!! (PAUSE) It was a potion of brilliance.
You feel clever all of a sudden.
Xom thinks this is hilarious!
You feel sick. The ball python closely misses you. The ball python misses you.
The adder bites you but does no damage. The dart slug launches a dart at you.
The slug dart hits you but does no damage.
The ball python closely misses you. The ball python grabs you.
The ball python constricts you. 😮 HP[-2]
You take 2 damage, and now have 14/25 hp.
Unknown command.
Unknown command.
You hit the dart slug but do no damage.
You punch the dart slug, but do no damage.
You feel sick. The adder bites you but does no damage.
The ball python bites you but does no damage.
The ball python constricts you.
The dart slug bites you but does no damage.
The adder barely misses you. 😮 HP[-1]
You take 1 damage, and now have 13/25 hp.
You hit the dart slug.
You feel sick. The ball python bites you.
* * * LOW HITPOINT WARNING * * *
The ball python constricts you.
* * * LOW HITPOINT WARNING * * *
The adder bites you but does no damage. The ball python bites you.
* * * LOW HITPOINT WARNING * * *
The ball python constricts you. The dart slug bites you.
* * * LOW HITPOINT WARNING * * *
The adder barely misses you. 😱 HP[-7]
You take 7 damage, and now have 6/25 hp.
MASSIVE DAMAGE!! (PAUSE)
As you read the scroll of teleportation {@r4}, it crumbles to dust.
You feel strangely unstable.
You feel sick. The ball python bites you.
* * * LOW HITPOINT WARNING * * *
The ball python constricts you. The adder bites you.
* * * LOW HITPOINT WARNING * * *
You are lethally poisoned!
The adder poisons you!
You block the dart slug's attack. 😱 HP[-4]
You take 4 damage, and now have 2/25 hp.
Unknown command.
You escape the ball python's grasp.
You die...
Xom giggles madly!

Skill      XL: |  1  2 |
---------------+-------+-----
Fighting       | 4 |  4.1
Armour         | |  1.7
Dodging        | |  0.8
Unarmed Combat | |  2.6

Action                   || total
-------------------------++-------
Melee: Mace              ||    69
       Punch             ||     1
  Use: Scroll            ||     4
       Potion            ||     1
Armor: Leather armour    ||    31
Dodge: Dodged            ||    54
Block: Other             ||    17

Levels and vault maps discovered:
D:1:      psy_arrival_statuary, layout_basic
D:2:      layout_loops_ring

Notes
Turn   | Place    | Note
-------+----------+-------------------------------------------
     0 | D:1      | spaghetti the Demonspawn Chaos Knight began the quest for
                  | the Orb.
     0 | D:1      | Reached XP level 1. HP: 18/18 MP: 1/1
     0 | D:1      | magus.rc [v1.9.6]
   238 | D:1      | XOM: silly message
   506 | D:1      | Gained mutation: A meltable shield of frost defends you.
                  | (SH +4) [demonic ancestry]
   506 | D:1      | Reached XP level 2. HP: 24/24 MP: 2/2
   698 | D:1      | XOM: divination: detect items
   803 | D:1      | XOM: silly message
   886 | D:1      | Reached skill level 4 in Fighting
  1198 | D:1      | You pick up a book of Storms and begin reading...
  1198 | D:1      | You add the spells Airstrike, Summon Lightning Spire and
                  | Lightning Bolt to your library.
  1295 | D:2      | HP: 6/25 [dart slug (3)]
  1296 | D:2      | HP: 2/25 [adder (1)]
  1297 | D:2      | Succumbed to an adder's poison

Vanquished Creatures
  2 ball pythons (D:1)
  4 endoplasms (D:1)
  2 giant cockroaches (D:1)
  2 hobgoblins (D:1)
  4 jackals (D:1)
  3 bats (D:1)
  3 frilled lizards (D:1)
20 creatures vanquished.

Table legend:
 A = Non-vault XP
 B = Vault XP
 C = Vault XP percentage of total XP
 D = Non-vault monster count
 E = Vault monster count
 F = Vault count percentage of total count
                 A         B        C        D         E       F
            +---------+---------+-------+---------+---------+-------
      Total |      35 |       0 |   0.0 |      20 |       0 |   0.0
            +---------+---------+-------+---------+---------+-------
        D:1 |      35 |       0 |   0.0 |      20 |       0 |   0.0
            +---------+---------+-------+---------+---------+-------

Illustrated notes

Table legend:
 A = Kills in this place as a percentage of kills in entire the game.
 B = Kills by you in this place as a percentage of kills by you in the entire game.
 C = Kills by friends in this place as a percentage of kills by friends in the entire game.
 D = Other kills in this place as a percentage of other kills in the entire game.
 E = Experience gained in this place as a percentage of experience gained in the entire game.
 F = Experience gained in this place divided by the number of levels of this place that you have seen.
                   A       B       C       D       E      F
               +-------+-------+-------+-------+-------+----------------------
         Total | 100.0 | 100.0 |   N/A |   N/A | 100.0 |  17.5
       Dungeon | 100.0 | 100.0 |   N/A |   N/A | 100.0 |  17.5
               +-------+-------+-------+-------+-------+----------------------

Table legend: (Time is in decaauts)
 A = Elapsed time spent in this place.
 B = Non-inter-level travel time spent in this place.
 C = Inter-level travel time spent in this place.
 D = Time resting spent in this place.
 E = Time spent auto-exploring this place.
 F = Levels seen in this place.
 G = Mean time per level.
                   A        B        C        D        E       F      G
               +--------+--------+--------+--------+--------+-----+--------+
         Total |   1323 |   1282 |     41 |    140 |    968 |   2 |  661.5 |
       Dungeon |   1323 |   1282 |     41 |    140 |    968 |   2 |  661.5 |
               +--------+--------+--------+--------+--------+-----+--------+

Top non-repeatable levels by time:
     D:1: 1273 daAuts
     D:2: 50 daAuts
